 Dungeon Crawl Stone Soup version 0.28-a0-407-g69098e2f6d (webtiles) character file.

Game seed: 7913030073552731536

467 desmos the Skirmisher (level 7, -4/63 HPs)
             Began as a Hill Orc Berserker on Sept 5, 2021.
             Was a Believer of Trog.
             Slain by an ogre (9 damage)
             ... on level 5 of the Dungeon.
             The game lasted 00:29:29 (4078 turns).

desmos the Skirmisher (Hill Orc Berserker)          Turns: 4078, Time: 00:29:30

Health: -4/63      AC: 12    Str: 22    XL:     7   Next: 8%
Magic:  7/7        EV:  8    Int:  7    God:    Trog [**....]
Gold:   128        SH:  9    Dex: 10    Spells: 6/6 levels left

rFire   + . .      SeeInvis .   a - +0 mace
rCold   x . .      Faith    .   c - +1 kite shield
rNeg    . . .      Spirit   .   m - +0 scale mail
rPois   .          Reflect  .   (no helmet)
rElec   .          Harm     .   (no cloak)
rCorr   .          Rampage  .   y - +0 pair of gloves
Will    .....                   (no boots)
Stlth   ..........              (no amulet)
HPRegen 0.20/turn               k - +4 ring of protection
MPRegen 0.10/turn               j - ring of fire

@: on berserk cooldown, slowed, studying Fighting, very slow
A: no striking features
a: Renounce Religion, Berserk, Trog's Hand


You were on level 5 of the Dungeon.
You worshipped Trog.
Trog was pleased with you.
You visited 1 branch of the dungeon, and saw 5 of its levels.

You collected 128 gold pieces.

Inventory:

Hand Weapons
 a - a +0 mace (weapon)
Missiles
 w - a throwing net (quivered)
Armour
 b - a +0 animal skin
 c - a +1 kite shield (worn)
 i - a +0 leather armour
 m - a +0 scale mail (worn)
 u - a +0 chain mail
 y - a +0 pair of gloves (worn)
Jewellery
 j - a ring of fire (right hand)
 k - a +4 ring of protection (left hand)
 t - a ring of positive energy
Wands
 n - a wand of charming (12)
 v - a wand of paralysis (4)
 x - a wand of iceblast (4)
Scrolls
 d - a scroll of enchant armour
 g - a scroll of teleportation
 p - a scroll of fear {unknown}
 r - a scroll of silence {unknown}
 s - a scroll of identify {unknown}
 z - a scroll of enchant weapon {unknown}
Potions
 e - a potion of magic {unknown}
 f - 3 potions of lignification {unknown}
 h - a potion of degeneration {unknown}
 l - 3 potions of haste {unknown}
 o - 4 potions of curing {unknown}
 q - 2 potions of berserk rage {unknown}


   Skills:
 + Level 6.2 Fighting
 * Level 5.9 Maces & Flails
 + Level 4.0 Armour
 - Level 2.0 Dodging
 + Level 3.0 Shields


You had 6 spell levels left.
You didn't know any spells.
Your spell library was empty.

Dungeon Overview and Level Annotations

Branches:
Dungeon (5/15)
 Temple: D:4-7

Altars:
Dithmenos
Hepliaklqana
Kikubaaqudgha
Ru

Annotations:
D:5 Prince Ribbit


Message History

You block the ufetubus's attack. The ufetubus closely misses you.
The ufetubus barely misses you.
You closely miss the ufetubus.
The ufetubus hits you but does no damage. x2
You block the ufetubus's attack.
The ufetubus hits you but does no damage.
You closely miss the ufetubus. You block the ufetubus's attack.
The ufetubus barely misses you. You block the ufetubus's attack.
The ufetubus misses you.
You closely miss the ufetubus.
The ufetubus hits you but does no damage.
The ufetubus misses you. You block the ufetubus's attack.
The ufetubus hits you.
You closely miss the ufetubus. You block the ufetubus's attack.
The ufetubus hits you but does no damage.
The ufetubus closely misses you. You block the ufetubus's attack.
You hit the ufetubus.
You kill the ufetubus!
Trog accepts your kill.
You see here a +0 leather armour.
An ogre comes into view. It is wielding a +0 giant spiked club.
You hit the ogre.
The ogre is lightly wounded.
The ogre hits you with a +0 giant spiked club!!
You sock the ogre!
The ogre is moderately wounded.
The ogre hits you with a +0 giant spiked club!
You hit the ogre.
The ogre is heavily wounded.
The ogre hits you with a +0 giant spiked club!!
* * * LOW HITPOINT WARNING * * *
A red film seems to cover your vision as you go berserk!
You feel yourself moving faster!
You feel mighty! You block the ogre's attack.
You feel a strong urge to attack something.
You feel your anger nearly subside.
You are no longer berserk.
You are exhausted.
You feel yourself slow down.
The ogre hits you with a +0 giant spiked club!
You die...

#.#......# ###........#.##
##.......# #............#
#.......# ##............##
#......## #>.............##
##....## ##...............#
##.....####...............### #
##.<.#.......................#
####...#####...:............##...
.##..### ##...@O.........####[.
....## #.............## ### ...##
#............## # ...#
##..............# ....#
#................# .....#
#.........####.....# .....#
#.......### ##....# ......
#....#### ##... .....## #..###
##.


You could see an ogre.

Vanquished Creatures
  An ogre (D:5)
  A necrophage (D:5)
  2 scorpions
  A bullfrog skeleton (D:5)
  An orc priest (D:5)
  An iguana (D:4)
  3 adders
  An ufetubus (D:5)
  3 dart slugs
  4 orcs
  A bat (D:1)
  6 endoplasms
  2 giant cockroaches
  4 goblins
  4 jackals (D:2)
  3 quokkas (D:1)
  6 ball pythons
  3 frilled lizards
  2 kobolds
  7 rats
56 creatures vanquished.

Vanquished Creatures (others)
  A human (D:4)
1 creature vanquished.

Grand Total: 57 creatures vanquished

Notes
Turn   | Place    | Note
-------+----------+-------------------------------------------
     0 | D:1      | desmos the Hill Orc Berserker began the quest for the Orb.
     0 | D:1      | Reached XP level 1. HP: 19/19 MP: 1/1
   185 | D:1      | Reached XP level 2. HP: 12/27 MP: 2/2
  1011 | D:2      | Reached XP level 3. HP: 30/33 MP: 3/3
  1146 | D:2      | Reached skill level 4 in Fighting
  1380 | D:2      | Reached ** piety under Trog
  1921 | D:2      | Identified a scroll of acquirement
  1921 | D:2      | Acquired a manual of Fighting
  1956 | D:3      | Found a faded altar of an unknown god.
  2062 | D:3      | Reached skill level 1 in Shields
  2062 | D:3      | Reached XP level 4. HP: 40/40 MP: 4/4
  2215 | D:3      | Found a sacrificial altar of Ru.
  2637 | D:4      | Found a hazy altar of Hepliaklqana.
  2698 | D:4      | Noticed a scorpion
  2716 | D:4      | Killed a scorpion
  2717 | D:4      | Reached skill level 5 in Fighting
  2717 | D:4      | Reached XP level 5. HP: 47/48 MP: 5/5
  2814 | D:4      | Found an ancient bone altar of Kikubaaqudgha.
  2815 | D:4      | Noticed a human
  2819 | D:4      | Killed a human
  3044 | D:4      | Found a shadowy altar of Dithmenos.
  3248 | D:5      | Entered Level 5 of the Dungeon
  3272 | D:5      | Noticed a necrophage
  3292 | D:5      | Killed a necrophage
  3293 | D:5      | Reached skill level 5 in Maces & Flails
  3293 | D:5      | Reached XP level 6. HP: 56/56 MP: 6/6
  3346 | D:5      | Noticed Prince Ribbit
  3674 | D:5      | Reached skill level 6 in Fighting
  3947 | D:5      | Reached XP level 7. HP: 59/63 MP: 7/7
  4069 | D:5      | HP: 3/63 [ogre (29)]
  4078 | D:5      | Slain by an ogre

Illustrated notes

Levels and vault maps discovered:
D:1:      dpeg_arrival_rooms_a, layout_rooms, amcnicky_mini_pool_small,
          minmay_fountain_box
D:2:      layout_loops_ring
D:3:      layout_basic, nicolae_ru_great_annihilating_truth,
          shapermc_ecumenical_altar_venn, minivault_14, hex_medium
D:4:      layout_basic, tgw_kikubaaqudgha, kennysheep_mini_moat,
          nicolae_dithmenos_through_a_glass_darkly, minmay_diced_spiral
D:5:      layout_cave_pods, ebering_ghost_sewer_f, uniq_prince_ribbit1,
          uniq_edmund

Skill      XL: |  1  2  3  4  5  6 |
---------------+-------------------+-----
Fighting       | 4 5 6 |  6.2
Maces & Flails | 4 5 |  5.9
Dodging        | 2 |  2.0
Shields        | 1 2 3 |  3.0
Armour         | 3 4 |  4.0

Action                   |  1- 3 |  4- 6 |  7- 9 || total
-------------------------+-------+-------+-------++-------
Melee: Mace              |   100 |   101 |    11 ||   212
Invok: Berserk           |       |     4 |     1 ||     5
       Trog's Hand       |       |     1 |       ||     1
  Use: Scroll            |     4 |     3 |       ||     7
 Stab: Paralysed         |       |     1 |       ||     1
Armor: Animal skin       |    17 |       |       ||    17
       Scale mail        |    18 |    38 |     8 ||    64
       Leather armour    |     2 |       |       ||     2
Dodge: Dodged            |    44 |    24 |     7 ||    75
Block: Kite shield       |    28 |    38 |    13 ||    79

Table legend: (Time is in decaauts)
 A = Elapsed time spent in this place.
 B = Non-inter-level travel time spent in this place.
 C = Inter-level travel time spent in this place.
 D = Time resting spent in this place.
 E = Time spent auto-exploring this place.
 F = Levels seen in this place.
 G = Mean time per level.
                   A        B        C        D        E       F      G
               +--------+--------+--------+--------+--------+-----+--------+
         Total |   4203 |   4024 |    179 |   1097 |   2058 |   5 |  840.6 |
       Dungeon |   4203 |   4024 |    179 |   1097 |   2058 |   5 |  840.6 |
               +--------+--------+--------+--------+--------+-----+--------+

Top non-repeatable levels by time:
     D:2: 1118 daAuts
     D:4: 934 daAuts
     D:1: 845 daAuts
     D:5: 693 daAuts
     D:3: 611 daAuts
